AoeStats
← 米德维奇小学副校长

African Clearing

510418658Analyzed
4v4 RM · 1d ago on Sep 30, 2026· 29m 57s· 8 players
Game mode
Random Map
Map size
Large (8 player)
Population
200
Speed
Normal
Resources
Standard
Victory
Conquest
Starting age
Dark Age
Ending age
Imperial Age
RankedLock teamsTeams togetherTeam positionsShared explorationLock speedFull tech treeHidden civsTurbo modeCheats
Victory
Defeat
🇨🇳 Mongols · China
1381
+14
🇨🇳 Sicilians · China
1355
+15
1342
+16
🇨🇳 Saracens · China
1272
+18
🇲🇽 Byzantines · Mexico
1378
-18
🇲🇽 Vikings · Mexico
1369
-17
🇵🇪 Cumans · Peru
1309
-15
🇨🇳 Varangians · China
1269
-13
martelaxe
9:33 Loom
14:04 Feudal Age
15:24 Double-Bit Axe
18:12 Castle Age
16:42 Horse Collar
19:09 Bow Saw
19:06 Heavy Plow
Goz
5:28 Loom
14:59 Feudal Age
17:09 Horse Collar
17:43 Double-Bit Axe
18:47 Bloodlines
21:15 Castle Age
20:55 Forging
21:50 Scale Barding Armor
22:07 Light Cavalry
28:58 Gold Mining
HK | Jai Guru Deva
8:43 Loom
13:20 Feudal Age
17:22 Castle Age
15:55 Arson
16:33 Scale Mail Armor
19:20 Double-Bit Axe
The Long Dark
4:06 Loom
15:40 Feudal Age
16:28 Horse Collar
16:59 Double-Bit Axe
25:07 Castle Age
26:01 Bow Saw
25:56 Heavy Plow
27:24 Wheelbarrow
26:34 Town Watch
米德维奇小学副校长
8:41 Loom
12:55 Feudal Age
13:41 Man-at-Arms
17:40 Arson
17:59 Double-Bit Axe
20:16 Wheelbarrow
23:40 Castle Age
24:59 Hand Cart
24:56 Bow Saw
26:53 Horse Collar
29:34 Heavy Plow
30:05 Scale Barding Armor
小天
11:55 Loom
13:41 Feudal Age
12:22 Loom
14:08 Feudal Age
19:28 Castle Age
19:08 Bloodlines
21:39 Forging
陌陌伽
11:08 Loom
13:24 Feudal Age
15:11 Double-Bit Axe
17:48 Castle Age
16:02 Gold Mining
18:20 Fletching
18:36 Padded Archer Armor
19:28 Bodkin Arrow
22:35 Husbandry
22:46 Bloodlines
27:11 Ballistics
28:33 Wheelbarrow
余念
15:07 Feudal Age
13:25 Loom
16:02 Double-Bit Axe
19:37 Castle Age
21:30 Gold Mining
22:41 Fletching
25:17 Bodkin Arrow
Connection lost

Rejoining the realm…

Still unreachable

The connection could not be restored.

Session expired

The server has moved on; the page needs a fresh start.